 Dungeon Crawl Stone Soup version 0.16-a0-129-gbf5829b (webtiles) character file.

91 Sachiko the Covert (level 4, -3/33 HPs)
             Began as a Vampire Assassin on Aug 13, 2014.
             Killed from afar by Natasha (5 damage)
             ... with a magic dart
             ... on Level 3 of the Dungeon.
             The game lasted 00:07:18 (2038 turns).

Sachiko the Covert (Vampire Assassin)               Turns: 2038, Time: 00:07:19

HP  -3/33        AC  5     Str 11      XL: 4   Next: 33%
MP   4/4         EV 12     Int 13      God:
Gold 185         SH  0     Dex 15      Spells:  0 memorised,  3 levels left

rFire  . . .     SeeInvis +     a - +2 dagger
rCold  . . .     Clarity  .     c - +1 robe
rNeg   . . .     rCorr    .     (no shield)
rPois  .         rRot     .     (no helmet)
rElec  .         Spirit   .     d - +0 cloak
SustAb .         Warding  .     (no gloves)
rMut   .         Stasis   .     h - +0 pair of boots
Gourm  .                        (no amulet)
MR     .....                    (no ring)
                                (no ring)

@: regenerating quickly, not resistant to hostile enchantments, stealthy
A: fangs 3, see invisible, unbreathing
a: no special abilities


You were on level 3 of the Dungeon.
You were full.

You visited 1 branch of the dungeon, and saw 3 of its levels.

You collected 185 gold pieces.

Inventory:

Hand weapons
 a - a +2 dagger (weapon)
 b - a +0 blowgun
Missiles
 e - 38 poisoned needles
 f - 2 curare-tipped needles
Armour
 c - a +1 robe (worn)
 d - a +0 cloak (worn)
 h - a +0 pair of boots (worn)
Scrolls
 k - 2 scrolls of noise
 l - a scroll of remove curse {unknown}
Potions
 g - a potion of blood
 i - a potion of might {unknown}
 j - 3 potions of curing {unknown}
 m - a potion of restore abilities {unknown}
 n - a potion of haste
 o - a potion of agility {unknown}


   Skills:
 + Level 2.1 Fighting
 + Level 2.7 Short Blades
 - Level 1.7 Throwing
 - Level 1.1 Dodging
 + Level 8.1 Stealth


You had 3 spell levels left.
You didn't know any spells.

Dungeon Overview and Level Annotations

Branches:
Dungeon (3/15)

Altars:
Cheibriados
Fedhas
Gozag
Kikubaaqudgha
Sif Muna
Trog
Zin

Annotations:
D:3 Natasha


Innate Abilities, Weirdness & Mutations

Your natural rate of healing is unusually fast.
You have razor-sharp teeth.
You have supernaturally acute eyesight.
You can survive without breathing.


Message History

The crimson imp is heavily wounded.
The crimson imp hits you.
You barely miss the crimson imp.
The crimson imp is heavily wounded.
Natasha claws you!
* * * LOW HITPOINT WARNING * * *
The crimson imp hits you but does no damage.
You closely miss the crimson imp. You bite the crimson imp.
The crimson imp is heavily wounded.
The white imp puffs mist at you. Natasha closely misses you.
The shadow imp picks up a beetle and eats it.
The crimson imp barely misses you.
You hit the crimson imp but do no damage.
The crimson imp is heavily wounded.
You feel sick.
You are no longer poisoned.
Natasha casts a spell at you. The magic dart hits you!
You die...

## #.#.# #..# #.#
.######.#.# #..# #.#
........#.# #..# #.#
#######.#.# ..# #.# #.#'##
h.# #.# #....# .5# #.#
#..%.# ..# #.# #
#....########..# #.# #
#........5@h55.# #.#
#######..###########.# #.#
.........# # #.# #######..#
#.#
#..#####################.##
#.........................#
#...........###############
#...........######### #####
#...........'........


You could see Natasha, a crimson imp, a white imp and a shadow imp.

Vanquished Creatures
  Natasha (D:3)
  An adder (D:2)
  A giant mite (D:3)
  An ooze (D:2)
  An orc (D:3)
  5 hobgoblins
  12 jackals
  A quokka (D:3)
  A ball python (D:1)
  6 bats
  A giant cockroach (D:1)
  3 giant newts
  2 goblins
  5 kobolds
  7 rats
48 creatures vanquished.

Notes
Turn   | Place    | Note
--------------------------------------------------------------
     0 | D:1      | Sachiko, the Vampire Assassin, began the quest for the Orb.
     0 | D:1      | Reached XP level 1. HP: 16/16 MP: 1/1
   231 | D:1      | Reached skill level 6 in Stealth
   306 | D:1      | Reached XP level 2. HP: 19/22 MP: 2/2
   894 | D:2      | Reached skill level 7 in Stealth
   905 | D:2      | Found an ancient bone altar of Kikubaaqudgha.
   931 | D:2      | Reached XP level 3. HP: 24/27 MP: 3/3
  1141 | D:2      | Found a snail-covered altar of Cheibriados.
  1227 | D:2      | Found an opulent altar of Gozag.
  1232 | D:2      | Found a blossoming altar of Fedhas.
  1389 | D:3      | Noticed Natasha
  1403 | D:3      | Killed Natasha
  1403 | D:3      | Reached XP level 4. HP: 11/33 MP: 4/4
  1684 | D:3      | Found a deep blue altar of Sif Muna.
  1696 | D:3      | Found a glowing silver altar of Zin.
  1842 | D:3      | Reached skill level 8 in Stealth
  1985 | D:3      | Found a bloodstained altar of Trog.
  2018 | D:3      | Noticed Natasha
  2038 | D:3      | Killed from afar by Natasha

Action                   |  1- 3 |  4- 6 || total
-------------------------+-------+-------++-------
Melee: Dagger            |   155 |    63 ||   218
 Fire: Blowgun           |     2 |       ||     2
  Use: Scroll            |     6 |     1 ||     7
       Potion            |     2 |       ||     2
 Stab: Sleeping          |     4 |     2 ||     6
  Eat: Corpse            |     6 |     3 ||     9
